 Dungeon Crawl Stone Soup version 0.28-a0-1199-gef9e1dbd39 (webtiles) character file.

Game seed: 8366176344744209759

213766 freelancePsychic the Warrior (level 18, -33/178 HPs)
             Began as a Minotaur Hunter on Dec 20, 2021.
             Was the Champion of Makhleb.
             Killed from afar by an ironbound frostheart (39 damage)
             ... by creeping frost
             ... on level 1 of the Vaults.
             The game lasted 01:23:52 (41130 turns).

freelancePsychic the Warrior (Minotaur Hunter)     Turns: 41130, Time: 01:23:52

Health: -33/178    AC: 25    Str: 24    XL:     18   Next: 28%
Magic:  29/29      EV: 16    Int:  8    God:    Makhleb [******]
Gold:   3988       SH: 14    Dex: 20    Spells: 17/17 levels left

rFire   + . .      SeeInvis .   x - +5 morningstar (holy)
rCold   . . .      Faith    .   I - +0 kite shield {rC+}
rNeg    + . .      Spirit   .   Y - +2 plate armour {rPois}
rPois   +          Reflect  .   y - +1 hat
rElec   .          Harm     .   D - +1 cloak
rCorr   .          Rampage  .   t - +0 pair of gloves
Will    +....                   s - +0 pair of boots
Stlth   ..........              S - amulet of regeneration
HPRegen 1.19/turn               L - ring "Kuydof" {rN+ Dex+8 Stlth+}
MPRegen 0.21/turn               H - ring of fire

@: no status effects
A: horns 2, retaliatory headbutt
}: 1/15 runes: serpentine
a: Renounce Religion, Minor Destruction, Lesser Servant of Makhleb, Major
Destruction, Greater Servant of Makhleb


You were on level 1 of the Vaults.
You worshipped Makhleb.
Makhleb was exalted by your worship.
You visited 5 branches of the dungeon, and saw 28 of its levels.
You also visited: Bailey, Ice Cave and Volcano.

You collected 5554 gold pieces.
You spent 1566 gold pieces at shops.

Inventory:

Hand Weapons
 a - a +1 hunting sling
 x - a +5 morningstar of holy wrath (weapon)
 O - a +0 giant club
Missiles
 p - 80 poisoned darts
 A - 4 throwing nets
Armour
 s - a +0 pair of boots (worn)
 t - a +0 pair of gloves (worn)
 y - a +1 hat (worn)
 D - a +1 cloak (worn)
 I - a +0 kite shield of cold resistance (worn)
 P - a +0 tower shield
 Y - a +2 plate armour of poison resistance (worn)
Jewellery
 q - a ring of flight
 z - a ring of willpower
 H - a ring of fire (right hand)
 L - the ring "Kuydof" (left hand) {rN+ Dex+8 Stlth+}
   (You found it in an ice cave)

   [ring of positive energy]

   Dex:       It affects your dexterity (+8).
   rN:        It protects you from negative energy.
   Stlth:     It makes you more stealthy.
 Q - a ring of protection from cold
 S - an amulet of regeneration (around neck)
 V - a +4 ring of evasion
 W - a ring of positive energy
Wands
 c - a wand of charming (16)
 k - a wand of digging (6)
 n - a wand of polymorph (4)
 u - a wand of acid (7)
 G - a wand of iceblast (20)
 U - a wand of flame (42)
 Z - a wand of paralysis (5)
Scrolls
 d - a scroll of torment
 e - 7 scrolls of teleportation {@r4}
 f - 5 scrolls of vulnerability
 j - 2 scrolls of immolation
 m - 6 scrolls of enchant weapon
 o - 4 scrolls of blinking
 v - 3 scrolls of fog
 B - a scroll of summoning
 E - 2 scrolls of enchant armour
 F - 4 scrolls of amnesia
 K - 2 scrolls of brand weapon
 N - a scroll of silence
 T - 7 scrolls of identify {@r1}
Potions
 b - 4 potions of might
 g - 4 potions of invisibility
 h - 7 potions of ambrosia
 i - 2 potions of berserk rage
 l - 4 potions of mutation
 r - a potion of heal wounds {@q2}
 w - 9 potions of curing {@q1}
 C - 5 potions of flight
 J - 4 potions of attraction
 M - 5 potions of cancellation
 R - 4 potions of lignification
Miscellaneous
 X - a condenser vane


   Skills:
 - Level 20.0 Fighting
 - Level 8.4(12.8) Axes
 - Level 15.1(16.0) Maces & Flails
 - Level 5.8 Slings
 - Level 14.3 Armour
 + Level 14.9 Dodging
 - Level 0.7 Stealth
 + Level 14.2 Shields
 + Level 16.0 Invocations
 - Level 4.8 Evocations


You had 17 spell levels left.
You didn't know any spells.
Your spell library contained the following spells:

 Spells                   Type           Power      Damage    Failure   Level
 Magic Dart               Conj           0%         1d3       98%         1
 Pain                     Necr           0%         1d4       98%         1
 Slow                     Hex            0%         N/A       98%         1
 Summon Small Mammal      Summ           0%         N/A       98%         1
 Call Imp                 Summ           0%         N/A       99%         2
 Corpse Rot               Necr/Air       0%         N/A       99%         2
 Poisonous Vapours        Pois/Air       0%         N/A       99%         2
 Static Discharge         Conj/Air       0%         N/A       99%         2
 Call Canine Familiar     Summ           0%         N/A       100%        3
 Confusing Touch          Hex            0%         N/A       100%        3
 Mephitic Cloud           Conj/Pois/Air  0%         N/A       100%        3
 Portal Projectile        Hex/Tloc       0%         N/A       100%        3
 Summon Guardian Golem    Hex/Summ       0%         N/A       100%        3
 Tukima's Dance           Hex            0%         N/A       100%        3
 Airstrike                Air            0%         N/A       100%        4
 Dispel Undead            Necr           0%         3d6       100%        4
 Leda's Liquefaction      Hex/Erth       0%         N/A       100%        4
 Passage of Golubria      Tloc           0%         N/A       100%        4
 Sticky Flame             Conj/Fire      0%         2d3       100%        4
 Summon Lightning Spire   Summ/Air       0%         N/A       100%        4
 Agony                    Necr           0%         N/A       100%        5
 Blade Hands              Tmut           0%         N/A       100%        5
 Excruciating Wounds      Necr           0%         N/A       100%        5
 Irradiate                Conj/Tmut      0%         3d14      100%        5
 Lightning Bolt           Conj/Air       0%         1d11      100%        5
 Yara's Violent Unravell  Hex/Tmut       0%         3d3       100%        5
 Dragon Form              Tmut           0%         N/A       100%        7
 Maxwell's Capacitive Co  Air            0%         ∞         100%        8


Dungeon Overview and Level Annotations

Branches:
Dungeon (15/15)            Temple (0/1) D:5            Lair (6/6) D:9
 Shoals (0/4) Lair:4        Snake (4/4) Lair:4        Slime (0/5) Lair:6
    Orc (2/2) D:11            Elf (0/3) Orc:2        Vaults (1/5) D:14
 Depths (0/4) D:15         Bailey (visited)           IceCv (visited)
Volcano (visited)

Altars:
Cheibriados
Dithmenos
Elyvilon
Gozag
Hepliaklqana
Kikubaaqudgha
Makhleb
Ru
Trog
Vehumet
Zin
The Shining One
Beogh
Jiyva

Shops:
D:5 (   D:10 ?   D:11 (   Orc:2 =[!:   Snake:1 =   Snake:2 [[

Annotations:
D:5 2 runed translucent doors
D:6 Maggie
Lair:2 2 transporters, KennySheep's ghost, journeyman DECj


Innate Abilities, Weirdness & Mutations

You have a pair of horns on your head.
You reflexively headbutt those who attack you in melee.


Message History

You block the deep troll's attack.
The deep troll claws you but does no damage. x2
A demon appears!
The deep troll closely misses you. You block the deep troll's attack.
The deep troll claws you but does no damage.
The ironbound frostheart touches your smoke demon.
The ironbound frostheart freezes your smoke demon!
The deep troll bites your smoke demon. The deep troll claws your smoke demon!
Your smoke demon dies!
Your smoke demon disappears in a puff of smoke!
The deep troll closely misses you. You furiously retaliate!
You headbutt the deep troll, but do no damage.
The deep troll closely misses you. You block the deep troll's attack.
The deep troll bites you but does no damage.
The deep troll completely misses you. You block the deep troll's attack.
The ironbound frostheart calls freezing cold from the walls.
The frost grips you!
You are encased in ice.
The ironbound frostheart calls freezing cold from the walls.
The frost grips you!!
* * * LOW HITPOINT WARNING * * *
You block the deep troll's attack. The deep troll barely misses you.
The deep troll claws you!
* * * LOW HITPOINT WARNING * * *
The ice encasing you melts away.
The ironbound frostheart calls freezing cold from the walls.
The frost grips you but does no damage.
You are encased in ice.
The ice encasing you melts away. The ironbound frostheart touches you!
* * * LOW HITPOINT WARNING * * *
The ironbound frostheart freezes you!!
* * * LOW HITPOINT WARNING * * *
The deep troll bites you.
* * * LOW HITPOINT WARNING * * *
You block the deep troll's attack.
The deep troll claws you but does no damage.
The ironbound frostheart calls freezing cold from the walls.
The frost grips you!!!
You die...

#################################
...†.†..........@T..T............
.....†............pT.............
############....############.....
#....# #..... #....# #.....
#....# #..... #....########
#..... #....#....... #.....
#....#....... #.....


You could see an ironbound frostheart and 3 deep trolls.

Vanquished Creatures
  6 nagarajas (Snake:4)
  6 ironbound preservers (Vaults:1)
  A very ugly thing (Vaults:1)
  A stone giant (Volcano)
  3 ironbound thunderhulks (Vaults:1)
  An ettin (Vaults:1)
  2 yaktaur captains (Vaults:1)
  A fire dragon (D:15)
  10 naga warriors
  Harold (D:11)
  8 vault guards (D:14)
  2 salamander tyrants
  A boulder beetle (Lair:6)
  A catoblepas (Lair:6)
  2 ice dragons
  14 hydras
  A death knight (D:13)
  17 anacondas
  7 two-headed ogres
  An ironbound frostheart (Vaults:1)
  4 centaur warriors
  A tengu warrior (D:13)
  6 death yaks
  11 naga sharpshooters
  12 shock serpents
  8 orc high priests
  A sea snake (Snake:2)
  8 salamander mystics
  17 deep trolls (Vaults:1)
  A deep elf archer (D:13)
  7 naga ritualists
  2 wizards (Vaults:1)
  An ironbound convoker (Vaults:1)
  2 deep elf pyromancers
  3 lindwurms (Vaults:1)
  10 mana vipers
  4 orc sorcerers
  5 orc knights
  3 manticores
  23 salamanders
  3 cyclopes
  11 ugly things
  4 vault sentinels (Vaults:1)
  16 naga magi
  3 guardian serpents
  39 black mambas
  2 ice statues (IceCv)
  2 molten gargoyles (Volcano)
  10 cane toads
  A cane toad (shapeshifter) (D:13)
  A torpor snail (Lair:4)
  A yaktaur (shapeshifter) (D:14)
  An unseen horror (D:12)
  8 rime drakes
  Psyche (D:10)
  A kobold demonologist (D:13)
  A freezing wraith (D:10)
  14 komodo dragons
  An efreet (Volcano)
  4 yaktaurs
  A tengu conjurer (D:14)
  7 polar bears
  A meliai (D:13)
  8 trolls
  6 hornets (Lair:6)
  Prince Ribbit (D:8)
  2 dream sheep (Lair:4)
  16 blink frogs
  37 slime creatures
  13 spriggans (Lair:6)
  2 shadows
  2 fire bats (Volcano)
  34 yaks
  3 wyverns
  Grum (D:8)
  A fire elemental (Volcano)
  3 vampire mosquitoes (D:12)
  4 steam dragons
  3 wargs
  Menkaure (D:6)
  40 nagas
  Edmund (D:6)
  An acid dragon (D:11)
  12 water moccasins
  51 orc warriors
  7 black bears
  A necrophage (D:6)
  16 centaurs
  13 ogres
  3 boggarts (Lair:6)
  28 wolves
  A phantom (D:5)
  14 bullfrogs
  A gnoll sergeant (Orc:2)
  3 kobold brigands
  3 earth elementals (Volcano)
  2 scorpions
  A water moccasin zombie (D:5)
  2 water moccasin skeletons
  14 killer bees
  2 lindwurm simulacra (IceCv)
  4 electric eels
  4 howler monkeys
  5 lava snakes
  7 komodo dragon simulacra (IceCv)
  2 centaur zombies
  29 orc priests
  3 hounds
  3 jellies
  Crazy Yiuf (D:7)
  17 orc wizards
  4 iguanas
  A killer bee zombie (D:9)
  A hound zombie (D:5)
  A mummy (D:6)
  A howler monkey zombie (D:9)
  A gnoll (D:1)
  A howler monkey skeleton (D:7)
  6 acid dragon simulacra (IceCv)
  4 adders
  13 white imps
  6 steam dragon simulacra (IceCv)
  A worm (D:3)
  4 dart slugs
  133 orcs
  7 ball pythons
  9 endoplasms
  8 giant cockroaches
  8 goblins
  2 hobgoblins (D:2)
  10 jackals
  2 quokkas
  11 bats
  A frilled lizard (D:2)
  A hobgoblin zombie (D:6)
  24 kobolds
  3 kobold zombies (D:6)
  2 rats
1041 creatures vanquished.

Vanquished Creatures (collateral kills)
  An orc warlord (Orc:2)
  A great orb of eyes (Vaults:1)
  A naga warrior (Snake:4)
  A boulder beetle (Vaults:1)
  2 anacondas (Snake:4)
  A death yak (Lair:6)
  3 salamander mystics (Snake:4)
  A naga ritualist (Snake:4)
  An ironbound convoker (Vaults:1)
  A salamander (Snake:4)
  A guardian serpent (Snake:1)
  A vault sentinel (Vaults:1)
  2 naga magi (Snake:4)
  2 black mambas
  A troll (Orc:2)
  A dream sheep (Lair:6)
  A basilisk (Lair:3)
  2 nagas (Snake:4)
  An orc warrior (Bailey)
  3 centaurs
  A bullfrog (D:7)
  An orc priest (Orc:2)
  An orc wizard (Orc:2)
31 creatures vanquished.

Vanquished Creatures (others)
  A rime drake (IceCv)
  2 orc warriors (Bailey)
  An orc wizard (Orc:1)
  2 orcs (Bailey)
  A quokka (D:5)
  32 fungi
  36 plants
75 creatures vanquished.

Grand Total: 1147 creatures vanquished

Notes
Turn   | Place    | Note
-------+----------+-------------------------------------------
     0 | D:1      | freelancePsychic the Minotaur Hunter began the quest for
                  | the Orb.
     0 | D:1      | Reached XP level 1. HP: 18/18 MP: 0/0
   118 | D:1      | Reached XP level 2. HP: 16/25 MP: 1/1
   119 | D:1      | Reached skill level 3 in Fighting
   348 | D:1      | Reached skill level 5 in Slings
   348 | D:1      | Reached XP level 3. HP: 31/31 MP: 2/2
  1023 | D:2      | Found a faded altar of an unknown god.
  1118 | D:2      | Reached skill level 4 in Fighting
  1159 | D:2      | Reached XP level 4. HP: 40/40 MP: 3/3
  2349 | D:3      | Reached skill level 1 in Armour
  2497 | D:3      | Reached XP level 5. HP: 47/47 MP: 4/4
  2598 | D:3      | Noticed a black bear
  2612 | D:3      | Killed a black bear
  2811 | D:3      | Found a burning altar of Makhleb.
  2863 | D:3      | Became a worshipper of Makhleb the Destroyer
  3055 | D:4      | Reached skill level 5 in Fighting
  3055 | D:4      | Reached skill level 1 in Axes
  3055 | D:4      | Reached XP level 6. HP: 56/56 MP: 5/5
  3132 | D:4      | Found an ancient bone altar of Kikubaaqudgha.
  3135 | D:4      | Found a bloodstained altar of Trog.
  3138 | D:4      | Found a snail-covered altar of Cheibriados.
  3141 | D:4      | Found a radiant altar of Vehumet.
  3141 | D:4      | Found a sacrificial altar of Ru.
  3703 | D:4      | Identified the +0 helmet of the Mackerel {Str+3}
  3739 | D:5      | Entered Level 5 of the Dungeon
  3739 | D:5      | Found a staircase to the Ecumenical Temple.
  3759 | D:5      | Found a runed translucent door.
  3762 | D:5      | Noticed a vampire mosquito
  3794 | D:5      | Reached skill level 1 in Invocations
  3868 | D:5      | Reached XP level 7. HP: 29/60 MP: 5/7
  4152 | D:5      | Found Horyres's Antique Weapon Shoppe.
  4228 | D:5      | Found a white marble altar of Elyvilon.
  4418 | D:5      | Found a runed translucent door.
  4554 | D:5      | Reached skill level 6 in Fighting
  4645 | D:6      | Noticed Edmund
  4665 | D:6      | Killed Edmund
  4666 | D:6      | Reached skill level 5 in Axes
  5076 | D:6      | Noticed Maggie
  5266 | D:6      | Reached XP level 8. HP: 65/71 MP: 9/9
  5312 | D:6      | Noticed Menkaure
  5316 | D:6      | Killed Menkaure
  5668 | D:6      | Reached * piety under Makhleb
  5696 | D:6      | Reached skill level 7 in Fighting
  6876 | D:7      | Reached skill level 1 in Maces & Flails
  6876 | D:7      | Reached XP level 9. HP: 75/81 MP: 8/11
  7146 | D:7      | Reached skill level 8 in Fighting
  7362 | D:7      | Identified the +1 mace of Bevvufo {drain, Will+}
  7363 | D:7      | Found a runed translucent door.
  7364 | D:7      | Noticed Crazy Yiuf
  7369 | D:7      | Killed Crazy Yiuf
  7476 | D:5      | Bought a glowing morningstar for 210 gold pieces
  7576 | D:8      | Reached skill level 5 in Invocations
  7745 | D:8      | Found a glowing silver altar of Zin.
  8201 | D:8      | Noticed Prince Ribbit
  8201 | D:8      | Noticed Grum
  8209 | D:8      | Killed Prince Ribbit
  8471 | D:8      | Reached skill level 5 in Maces & Flails
  8513 | D:8      | Killed Grum
  8677 | D:9      | Reached skill level 9 in Fighting
  8790 | D:9      | Noticed a komodo dragon
  8804 | D:9      | Killed a komodo dragon
  8985 | D:9      | Noticed a two-headed ogre
  9192 | D:9      | Reached ** piety under Makhleb
  9277 | D:9      | Reached XP level 10. HP: 36/91 MP: 5/13
  9694 | D:9      | Noticed a manticore
  9704 | D:9      | Killed a manticore
 10232 | D:9      | Killed a two-headed ogre
 10233 | D:9      | Reached skill level 10 in Fighting
 10233 | D:9      | Reached skill level 5 in Armour
 10438 | D:9      | Found a staircase to the Lair.
 10979 | D:10     | Entered Level 10 of the Dungeon
 11146 | D:10     | Noticed Psyche
 11151 | D:10     | Killed Psyche
 11201 | D:10     | Reached skill level 5 in Dodging
 11420 | D:10     | Reached XP level 11. HP: 92/101 MP: 12/14
 11475 | D:10     | Found an opulent altar of Gozag.
 11527 | D:10     | Reached skill level 10 in Maces & Flails
 11738 | D:10     | Found Zata's Magic Scroll Shoppe.
 12004 | D:11     | Reached *** piety under Makhleb
 12040 | D:11     | Found a staircase to the Orcish Mines.
 12057 | D:11     | Identified the +6 flail of Xyde Lytt {flame, Str+2 Stlth+}
 12104 | D:11     | Noticed a two-headed ogre
 12106 | D:11     | Noticed a four-headed hydra
 12454 | D:11     | Killed a two-headed ogre
 12503 | D:11     | Found a flagged portal.
 12509 | Bailey   | Entered a bailey
 12565 | Bailey   | Reached skill level 12 in Fighting
 12565 | Bailey   | Reached XP level 12. HP: 28/113 MP: 8/16
 13237 | Bailey   | Reached **** piety under Makhleb
 13727 | D:11     | Killed a four-headed hydra
 13842 | D:11     | Found Saut's Weapon Emporium.
 13909 | D:11     | Found a shadowy altar of Dithmenos.
 14023 | D:11     | Noticed a centaur warrior
 14032 | D:11     | Reached skill level 13 in Fighting
 14039 | D:11     | Killed a centaur warrior
 14547 | D:11     | Noticed a two-headed ogre
 14560 | D:11     | Killed a two-headed ogre
 15009 | Lair:1   | Entered Level 1 of the Lair of Beasts
 15256 | Lair:1   | Reached skill level 14 in Fighting
 15992 | Lair:1   | Identified the +5 broad axe of Yrilloit {freeze, rC+}
 16173 | Lair:1   | Reached XP level 13. HP: 122/124 MP: 16/18
 16350 | Lair:2   | Noticed KennySheep's ghost (journeyman DECj)
 16374 | Lair:2   | Found a transporter.
 16406 | Lair:2   | Found a transporter.
 16540 | Lair:2   | Reached skill level 10 in Armour
 16678 | Lair:2   | Reached ***** piety under Makhleb
 17366 | Lair:3   | Reached skill level 15 in Fighting
 18249 | Lair:4   | Reached skill level 15 in Maces & Flails
 18919 | Lair:4   | You fall into a shaft and drop 1 floor!
 18971 | Lair:4   | Found a staircase to the Shoals.
 19240 | Lair:4   | Found a staircase to the Snake Pit.
 19984 | Lair:5   | Reached skill level 16 in Fighting
 20332 | Lair:6   | Entered Level 6 of the Lair of Beasts
 20332 | Lair:6   | Found a viscous altar of Jiyva.
 20332 | Lair:6   | Found a staircase to the Slime Pits.
 20358 | Lair:6   | Found a dark tunnel.
 20366 | Volcano  | Entered a volcano
 21473 | Volcano  | Found a radiant altar of Vehumet.
 21695 | Volcano  | Noticed a stone giant
 21704 | Volcano  | Killed a stone giant
 21705 | Volcano  | Reached skill level 10 in Invocations
 22164 | Lair:6   | Reached XP level 14. HP: 138/138 MP: 20/20
 22461 | Lair:6   | Reached skill level 17 in Fighting
 23383 | Lair:6   | Paralysed by a hornet for 1 turns
 24074 | Lair:6   | Reached skill level 18 in Fighting
 24221 | D:10     | Bought a scroll of acquirement for 832 gold pieces
 24625 | Lair:6   | Acquired 795 gold pieces
 24828 | Orc:1    | Entered Level 1 of the Orcish Mines
 24828 | Orc:1    | Noticed Harold
 24851 | D:11     | Reached skill level 1 in Shields
 24859 | D:11     | Killed Harold
 25252 | Orc:1    | Found a burning altar of Makhleb.
 25668 | Orc:2    | Entered Level 2 of the Orcish Mines
 25680 | Orc:2    | Reached ****** piety under Makhleb
 26138 | Orc:2    | Found Ibuevyh's Jewellery Emporium.
 26152 | Orc:2    | Bought an amulet of regeneration for 300 gold pieces
 26356 | Orc:2    | Found Zuunicke's Armour Shoppe.
 26860 | Orc:2    | Reached skill level 19 in Fighting
 26866 | Orc:2    | Noticed an orc warlord
 26882 | Orc:2    | HP: 7/146 [poisoned by an orc warlord]
 26883 | Orc:2    | Killed an orc warlord
 26884 | Orc:2    | Reached XP level 15. HP: 6/152 MP: 23/23
 26887 | Orc:2    | HP: 5/152 [poisoned by an orc warlord]
 27110 | Orc:2    | Found Ciufaola's Book Boutique.
 27324 | Orc:2    | Found Dairhom's Distillery.
 27354 | Orc:2    | Bought a potion of cancellation for 112 gold pieces
 27354 | Orc:2    | Bought a potion of cancellation for 112 gold pieces
 27476 | Orc:2    | Found a staircase to the Elven Halls.
 28591 | D:13     | Found a frozen archway.
 28614 | IceCv    | Entered an ice cave
 28876 | IceCv    | Reached skill level 5 in Shields
 28920 | IceCv    | Identified the ring "Kuydof" {rN+ Dex+8 Stlth+}
 29391 | D:13     | Found a glowing golden altar of the Shining One.
 29583 | D:13     | Reached skill level 20 in Fighting
 30184 | D:14     | Found a gate to the Vaults.
 30639 | D:14     | Reached skill level 10 in Dodging
 31089 | D:15     | Entered Level 15 of the Dungeon
 31191 | D:15     | Acquired 1042 gold pieces
 31935 | D:15     | Found a hazy altar of Hepliaklqana.
 32055 | D:15     | Found a staircase to the Depths.
 32501 | Snake:1  | Entered Level 1 of the Snake Pit
 32513 | Snake:1  | Reached XP level 16. HP: 127/162 MP: 25/25
 32814 | Snake:1  | Reached skill level 1 in Evocations
 33102 | Snake:1  | Found Miareoz's Jewellery Shop.
 34902 | Snake:2  | Found Atoamub's Antique Armour Boutique.
 34907 | Snake:2  | Found Mabieske's Armour Shop.
 35844 | Snake:3  | Reached skill level 10 in Shields
 36834 | Snake:3  | Reached XP level 17. HP: 170/170 MP: 26/26
 37102 | Snake:4  | Entered Level 4 of the Snake Pit
 38785 | Snake:4  | Reached skill level 15 in Invocations
 39015 | Snake:4  | Got a serpentine rune of Zot
 39660 | Vaults:1 | Entered Level 1 of the Vaults
 40239 | Vaults:1 | Reached XP level 18. HP: 61/178 MP: 28/28
 40501 | Vaults:1 | Paralysed by a great orb of eyes for 7 turns
 41127 | Vaults:1 | HP: 6/178 [ironbound frostheart (26)]
 41130 | Vaults:1 | Killed from afar by an ironbound frostheart

Illustrated notes

Levels and vault maps discovered:
D:1:      minmay_arrival_split_and_join, layout_loops_ring, minmay_door_square
D:2:      layout_basic, ebering_ecumenical_altar_hall
D:3:      layout_loops_ring, mainiacjoe_overflow_brackets, serial_bayou_lake_a
D:4:      layout_basic, grunt_temple_overflow_open, st_stairs_8,
          minmay_pentomino_pile
D:5:      lemuel_insect_pit, layout_gridville, elyvilon_altar_4,
          minmay_temple_entry_statues_pillars, serial_shops, shop, st_stairs_13
D:6:      layout_loops_corners, grunt_ministairs_8,
          hangedman_abyss_or_decor_slice, minmay_mini_ossuary, uniq_maggie,
          uniq_menkaure, uniq_edmund
D:7:      layout_gridville, minmay_misc_feat_more_columns,
          uniq_crazy_yiuf_cottage
D:8:      layout_loops_cross, mainiacjoe_overflow_paths, st_stairs_6, uniq_grum,
          uniq_prince_ribbit1
D:9:      layout_roguey, grunt_lair_entry_orc_guard_hut, kennysheep_dice
D:10:     layout_gridville, general_overflow_altar, serial_shops,
          kennysheep_mini_moat, minmay_misc_feat_tower, uniq_psyche
D:11:     layout_irregular_city, hiddenorc2_lemuel, serial_shops,
          nicolae_shop_waterfront, enter_bailey_2,
          nicolae_dithmenos_through_a_glass_darkly
D:12:     layout_roguey
D:13:     four-leaf_vault, layout_rooms, portal_ice_cave_entry_imps,
          minmay_misc_feat_rows, minivault_22, nrook_mini_vaults,
          nrook_pool_corridor, minmay_misc_feat_iff, tso_altar
D:14:     layout_grid_maze, erik_vaults_2, gauntlet_entry_generic,
          chequers_serial_rivers_small_3, serial_rivers,
          chequers_serial_rivers_micro_e, chequers_serial_rivers_micro_e,
          chequers_serial_rivers_micro_e, chequers_serial_rivers_marsh,
          chequers_serial_rivers_small_b, chequers_serial_rivers_room_b
D:15:     grunt_enter_depths_hoard, layout_irregular_city, chequers_garden,
          nzn_hepliaklqana_mist_gate
Lair:1:   layout_chaotic_city, nzn_random_ring
Lair:2:   layout_regular_city, gammafunk_ghost_berserking_beasts,
          lemuel_fruit_fields
Lair:3:   layout_small_grid
Lair:4:   layout_concentric_octagons, shoals_dummy_entry,
          guppyfry_snake_entry_island, infiniplex_staircase_pool,
          grunt_megastairs_4
Lair:5:   layout_misc_corridors
Lair:6:   minmay_lair_end_enchanted_forest, layout_cave_shapes, slime_altar_1,
          nicolae_volcano_entry_hallway, hangedman_lair_generics_rect
Snake:1:  nicolae_snake_unarmed_stairs_patrol, layout_chambers, serial_shops,
          nicolae_diamond_shop, lemuel_fruit_tree, grunt_megastairs_2
Snake:2:  layout_cave_town, grunt_ministairs_10, minmay_shoptagon,
          serial_bayou_shore_a
Snake:3:  layout_misc_corridors
Snake:4:  snake_pit, layout_cave_town
Orc:1:    layout_caves, basic_altar, hangedman_feature_mirror, uniq_harold
Orc:2:    pubby_orc_utopia
Vaults:1: vaults_mumra_minichess_inversion, v_rooms_5,
          nicolae_vaults_branching_niches, ontoclasm_vaults_tryst,
          v_alt_pattern_1, ontoclasm_vaults_chip, layout_vaults_omnigrid

Skill      XL: |  1  2  3  4  5  6  7  8  9 10 11 12 13 14 15 16 17 18 |
---------------+-------------------------------------------------------+-----
Fighting       | 3 4 5 6 7 9 10 12 14 16 19 20 | 20.0
Slings         | 5 |  5.8
Armour         | 1 2 3 6 8 9 11 12 14 | 14.3
Dodging        | 3 5 7 8 10 12 14 | 14.9
Axes           | 1 3 5 8 |  8.4
Invocations    | 1 3 4 6 7 8 10 12 13 14 15 16 | 16.0
Maces & Flails | 1 7 9 12 14 15 | 15.1
Shields        | 4 7 10 13 14 | 14.2
Evocations     | 4 |  4.8
Stealth        | |  0.7

Action                   |  1- 3 |  4- 6 |  7- 9 | 10-12 | 13-15 | 16-18 || total
-------------------------+-------+-------+-------+-------+-------+-------++-------
Melee: Hunting sling     |       |     1 |       |       |       |       ||     1
       Morningstar       |       |       |    88 |   352 |  1499 |  1201 ||  3140
       Headbutt          |       |       |    16 |    76 |   354 |   412 ||   858
 Fire: Hunting sling     |   112 |   186 |   216 |       |       |       ||   514
Throw: Dart              |       |       |    24 |    11 |     4 |       ||    39
Invok: Minor Destruction |       |       |       |   143 |   164 |       ||   307
       Lesser Servant of |       |       |       |     2 |     6 |     2 ||    10
       Greater Servant o |       |       |       |       |     1 |     4 ||     5
       Major Destruction |       |       |       |       |    11 |    80 ||    91
Evoke: Wand              |       |       |     3 |       |       |       ||     3
       Condenser vane    |       |       |       |       |       |     1 ||     1
  Use: Scroll            |       |     6 |     7 |     6 |    17 |    11 ||    47
       Potion            |       |       |     1 |     3 |     1 |     4 ||     9
 Stab: Invisible         |       |       |       |     1 |       |       ||     1
Armor: Leather armour    |     6 |       |       |       |       |       ||     6
       Scale mail        |       |    49 |   121 |   160 |       |       ||   330
       Ring mail         |       |     4 |       |       |       |       ||     4
       Plate armour      |       |       |       |    18 |   682 |   616 ||  1316
Dodge: Dodged            |    17 |    29 |   135 |   268 |   822 |   608 ||  1879
Block: Buckler           |       |       |       |       |   180 |       ||   180
       Kite shield       |       |       |       |       |     5 |   977 ||   982

Table legend: (Time is in decaauts)
 A = Elapsed time spent in this place.
 B = Non-inter-level travel time spent in this place.
 C = Inter-level travel time spent in this place.
 D = Time resting spent in this place.
 E = Time spent auto-exploring this place.
 F = Levels seen in this place.
 G = Mean time per level.
                   A        B        C        D        E       F      G
               +--------+--------+--------+--------+--------+-----+--------+
         Total |  40562 |  38463 |   2099 |   3797 |  26463 |  31 | 1308.5 |
       Dungeon |  18615 |  17463 |   1152 |   1394 |  13008 |  15 | 1241.0 |
          Lair |   8354 |   7701 |    653 |    622 |   5938 |   6 | 1392.3 |
     Snake Pit |   6547 |   6307 |    240 |   1010 |   3593 |   4 | 1636.8 |
  Orcish Mines |   2447 |   2394 |     53 |    327 |   1386 |   2 | 1223.5 |
        Vaults |   1380 |   1380 |      0 |      0 |    867 |   1 | 1380.0 |
        Bailey |   1203 |   1203 |      0 |    136 |    466 |   1 | 1203.0 |
      Ice Cave |    368 |    368 |      0 |      0 |    168 |   1 |  368.0 |
       Volcano |   1645 |   1645 |      0 |    307 |   1036 |   1 | 1645.0 |
               +--------+--------+--------+--------+--------+-----+--------+

Top non-repeatable levels by time:
    D:11: 2341 daAuts
  Lair:6: 2083 daAuts
   Orc:2: 1980 daAuts
     D:9: 1953 daAuts
 Snake:1: 1895 daAuts
     D:8: 1758 daAuts
  Lair:4: 1723 daAuts
     D:6: 1690 daAuts
 Snake:3: 1663 daAuts
 Volcano: 1645 daAuts
 Snake:4: 1574 daAuts
 Snake:2: 1414 daAuts
Vaults:1: 1380 daAuts
  Lair:1: 1312 daAuts
    D:14: 1263 daAuts
